 Dungeon Crawl Stone Soup version 0.27-a0-1525-g1038ab4fd7 (webtiles) character file.

Game seed: 3131617421953360638

19 Spaninq the Charlatan (level 2, -2/21 HPs)
             Began as a Demonspawn Artificer on July 10, 2021.
             Slain by Sigmund (4 damage)
             ... on level 2 of the Dungeon.
             The game lasted 00:03:30 (975 turns).

Spaninq the Charlatan (Demonspawn Artificer)         Turns: 975, Time: 00:03:30

Health: -2/21      AC:  3    Str: 12    XL:     2   Next: 55%
Magic:  2/2        EV: 11    Int: 12    God:
Gold:   61         SH:  0    Dex: 13    Spells: 1/1 levels left

rFire    . . .     SeeInvis .   g - +0 whip
rCold    . . .     Faith    .   (no shield)
rNeg     . . .     Spirit   .   b - +0 leather armour
rPois    .         Reflect  .   (no helmet)
rElec    .         Harm     .   (no cloak)
rCorr    .         Rampage  .   (no gloves)
Will     .....                  (no boots)
Stlth    +.........             (no amulet)
HPRegen  0.07/turn              (no ring)
MPRegen  0.08/turn              (no ring)

@: confused
A: demonic guardian 1
a: no special abilities


You were on level 2 of the Dungeon.
You visited 1 branch of the dungeon, and saw 2 of its levels.

You collected 61 gold pieces.

Inventory:

Hand Weapons
 g - a +0 whip (weapon)
Armour
 b - a +0 leather armour (worn)
Wands
 d - a wand of charming (15)
Scrolls
 f - 5 scrolls of identify {unknown}
 i - a scroll of magic mapping {unknown}
Potions
 a - a potion of curing {unknown}
 h - a potion of haste {unknown}
Miscellaneous
 e - a piece from Xom's chessboard (15/15)


   Skills:
 + Level 1.6 Fighting
 + Level 2.2 Armour
 + Level 1.5 Dodging
 - Level 0.8 Stealth
 - Level 3.0 Evocations


You had one spell level left.
You didn't know any spells.
Your spell library was empty.

Dungeon Overview and Level Annotations

Branches:
Dungeon (2/15)

Altars:

Annotations:
D:2 Sigmund


Innate Abilities, Weirdness & Mutations

A weak demonic guardian rushes to your aid.


Message History

Your white imp gestures at Sigmund.
The puff of frost hits Sigmund.
Sigmund gestures at you while chanting. You resist with significant effort.
Your white imp gestures at Sigmund.
The puff of frost hits Sigmund.
Sigmund points at you and mumbles some strange words.
Your white imp resists with significant effort.
Aiming: Throw Flame
Press: ? - help, Shift-Dir - straight line, f - Sigmund
Aim: Sigmund, wielding a +0 scythe and wearing a +0 robe (moderately wounded, 68% to hit)
The puff of flame hits Sigmund.
Sigmund is heavily wounded.
Aiming: Throw Flame
Press: ? - help, Shift-Dir - straight line, f/p - Sigmund
Aim: Sigmund, wielding a +0 scythe and wearing a +0 robe (heavily wounded, 68% to hit)
The puff of flame misses Sigmund.
The now-empty wand crumbles to dust.
Sigmund screams, "Only death can liberate you!"
Sigmund hits you from afar with a +0 scythe.
Sigmund screams, "I am the angel of ZOT!!!"
Sigmund misses you.
You closely miss Sigmund.
Sigmund is heavily wounded.
Sigmund hits you with a +0 scythe!
* * * LOW HITPOINT WARNING * * *
A demonic guardian appears!
Your leather armour prevents you from hitting Sigmund.
Sigmund is heavily wounded.
Sigmund barely misses you.
You hit Sigmund but do no damage.
Sigmund is heavily wounded.
Sigmund misses you.
You hit Sigmund.
Sigmund is severely wounded.
Sigmund points at you and mumbles some strange words.
You are confused.
You hit Sigmund but do no damage.
Sigmund is severely wounded.
Sigmund hits you with a +0 scythe.
You die...

..........[.........#
.#.#................#
.#..................#
.##########.........#
........<...#..######
#############..#
#............#
#.##########.#### #.#
#.5@.# ###.# ####@#
#...# #.# #####
'...######## #.#
#...# #...<......#
#.#########.#.#
...........#
#.....@.....#.#
#..........#
#############.#
#..........# #.#
#..........# #@#


You could see Sigmund (ally target) and a friendly quasit (summoned).

Vanquished Creatures
  A dart slug (D:1)
  5 endoplasms
  2 goblins (D:1)
  A hobgoblin (D:1)
  3 bats
  3 kobolds (D:1)
  2 rats (D:1)
17 creatures vanquished.

Notes
Turn   | Place    | Note
-------+----------+-------------------------------------------
     0 | D:1      | Spaninq the Demonspawn Artificer began the quest for the
                  | Orb.
     0 | D:1      | Reached XP level 1. HP: 15/15 MP: 1/1
    92 | D:1      | Reached skill level 1 in Dodging
   332 | D:1      | Gained mutation: A weak demonic guardian rushes to your
                  | aid. [demonic ancestry]
   332 | D:1      | Reached XP level 2. HP: 20/21 MP: 2/2
   917 | D:2      | Noticed Sigmund
   975 | D:2      | Slain by Sigmund

Illustrated notes

Levels and vault maps discovered:
D:1:      tarquinn_simple_flora_water_f, layout_rooms
D:2:      layout_basic, minmay_misc_feat_x, uniq_jessica, uniq_sigmund,
          uniq_natasha

Skill      XL: |  1 |
---------------+----+-----
Dodging        | 1 |  1.5
Armour         | 2 |  2.2
Fighting       | |  1.6
Stealth        | |  0.8
Evocations     | |  3.0

Action                   || total
-------------------------++-------
Melee: Whip              ||    28
       Club              ||     5
Evoke: Wand              ||    15
 Stab: Sleeping          ||     1
Armor: Leather armour    ||     4
Dodge: Dodged            ||    26

Table legend: (Time is in decaauts)
 A = Elapsed time spent in this place.
 B = Non-inter-level travel time spent in this place.
 C = Inter-level travel time spent in this place.
 D = Time resting spent in this place.
 E = Time spent auto-exploring this place.
 F = Levels seen in this place.
 G = Mean time per level.
                   A        B        C        D        E       F      G
               +--------+--------+--------+--------+--------+-----+--------+
         Total |    979 |    939 |     40 |      0 |    720 |   2 |  489.5 |
       Dungeon |    979 |    939 |     40 |      0 |    720 |   2 |  489.5 |
               +--------+--------+--------+--------+--------+-----+--------+

Top non-repeatable levels by time:
     D:1: 738 daAuts
     D:2: 240 daAuts
